 Dungeon Crawl Stone Soup version 0.27-a0-1532-gca18f49f40 (webtiles) character file.

Game seed: 9933801949235783083

22 lunkers the Insei (level 2, -5/21 HPs)
             Began as a Demonspawn Transmuter on July 13, 2021.
             Slain by Sigmund (10 damage)
             ... on level 2 of the Dungeon.
             The game lasted 00:01:02 (1249 turns).

lunkers the Insei (Demonspawn Transmuter)           Turns: 1249, Time: 00:01:03

Health: -5/21      AC:  2    Str: 10    XL:     2   Next: 68%
Magic:  3/5        EV: 12    Int: 14    God:
Gold:   26         SH:  0    Dex: 13    Spells: 2/5 levels left

rFire    . . .     SeeInvis .     - Unarmed
rCold    . . .     Faith    .   (no shield)
rNeg     . . .     Spirit   .   a - +0 robe
rPois    .         Reflect  .   (helmet currently unavailable)
rElec    .         Harm     .   (no cloak)
rCorr    .         Rampage  .   (no gloves)
Will     .....                  (boots currently unavailable)
Stlth    +.........             (no amulet)
HPRegen  0.07/turn              (no ring)
MPRegen  0.09/turn              (no ring)

@: appendages (expiring), wereblooded
A: horns 2, talons 2, powered by pain 1
a: End Transformation


You were on level 2 of the Dungeon.
You had temporarily grown beastly horns and talons.
You visited 1 branch of the dungeon, and saw 2 of its levels.

You collected 26 gold pieces.

Inventory:

Armour
 a - a +0 robe (worn)
Scrolls
 b - 4 scrolls of blinking {unknown}
 c - a scroll of amnesia {unknown}
 e - a scroll of teleportation {unknown}
 f - a scroll of identify {unknown}
 h - 2 scrolls of fog {unknown}
Potions
 d - a potion of lignification {unknown}
 g - a potion of ambrosia {unknown}
 i - a potion of brilliance {unknown}


   Skills:
 - Level 1.0 Fighting
 - Level 1.7 Dodging
 * Level 3.3 Unarmed Combat
 - Level 2.0 Spellcasting
 + Level 2.2 Transmutations


You had 2 spell levels left.
You knew the following spells:

 Your Spells              Type           Power      Damage    Failure   Level
b - Wereblood             Tmut           7%         N/A       14%         2
p - Beastly Appendage     Tmut           14%        N/A       10%         1

Your spell library contained the following spells:

 Spells                   Type           Power      Damage    Failure   Level
 Poisonous Vapours        Pois/Air       2%         N/A       34%         2
 Spider Form              Tmut/Pois      2%         N/A       41%         3
 Mephitic Cloud           Conj/Pois/Air  1%         N/A       56%         3
 Ice Form                 Ice/Tmut       4%         N/A       83%         4
 Freezing Cloud           Conj/Ice/Air   0%         6-21      100%        5


Dungeon Overview and Level Annotations

Branches:
Dungeon (2/15)

Altars:

Annotations:
D:2 Sigmund


Innate Abilities, Weirdness & Mutations

You have temporarily grown beastly horns and talons.
You sometimes gain a little power by taking damage.


Message History

Sigmund casts a spell at you. The puff of flame hits you.
Casting: Beastly Appendage (safe; 10% risk of failure)
Confirm with . or Enter, or press ? or * to list all spells.
Your blood is infused with primal strength.
Sigmund barely misses you.
Sigmund points at you and mumbles some strange words.
You resist with significant effort.
Found 7 stones.
You hit Sigmund. Your kick misses Sigmund.
Sigmund is lightly wounded.
Sigmund barely misses you.
You closely miss Sigmund.
Sigmund is lightly wounded.
Your transformation is almost over.
Sigmund hits you with a +0 scythe.
* * * LOW HITPOINT WARNING * * *
You closely miss Sigmund. You claw Sigmund! You headbutt Sigmund!
Sigmund is heavily wounded.
Sigmund hits you with a +0 scythe.
* * * LOW HITPOINT WARNING * * *
You hit Sigmund.
Sigmund is severely wounded.
Sigmund hits you with a +0 scythe.
* * * LOW HITPOINT WARNING * * *
You barely miss Sigmund. You claw Sigmund. Your headbutt misses Sigmund.
Sigmund is severely wounded.
Sigmund drinks a potion.
Sigmund is healed!
You hit Sigmund but do no damage.
Sigmund is heavily wounded.
Sigmund misses you.
You completely miss Sigmund. You claw Sigmund.
Sigmund is heavily wounded.
You hit Sigmund. Your kick misses Sigmund.
Sigmund is severely wounded.
Sigmund completely misses you.
You hit Sigmund but do no damage. Your kick misses Sigmund.
Sigmund is severely wounded.
Sigmund hits you with a +0 scythe!
You die...

#....####.#
..........#
.#..#....#
#.......# ##
##.##...# . #.
#......# #..###(
###....#
#.....#####....#
#@@..##.####
####....#####
####.....#
#..)..# #.....#
#######


You could see Sigmund.

Vanquished Creatures
  A dart slug (D:1)
  An endoplasm (D:1)
  A giant cockroach (D:1)
  A hobgoblin (D:1)
  4 jackals (D:1)
  A quokka (D:2)
  A ball python (D:1)
  2 bats (D:1)
  2 frilled lizards (D:1)
  2 goblins (D:1)
  3 rats (D:1)
19 creatures vanquished.

Notes
Turn   | Place    | Note
-------+----------+-------------------------------------------
     0 | D:1      | lunkers the Demonspawn Transmuter began the quest for the
                  | Orb.
     0 | D:1      | Reached XP level 1. HP: 15/15 MP: 3/3
   339 | D:1      | Found a faded altar of an unknown god.
   463 | D:1      | Reached skill level 3 in Unarmed Combat
   539 | D:1      | Gained mutation: You sometimes gain a little power by
                  | taking damage. [demonic ancestry]
   539 | D:1      | Reached XP level 2. HP: 21/21 MP: 3/5
   542 | D:1      | Learned a level 2 spell: Wereblood
  1235 | D:2      | Noticed Sigmund
  1249 | D:2      | Slain by Sigmund

Illustrated notes

Levels and vault maps discovered:
D:1:      sevenhm_arrival_forest_fort_large_1, layout_basic,
          hellmonk_ecumenical_altar_zigzags
D:2:      layout_rooms, minmay_misc_feat_pillars, hangedman_decor_push,
          uniq_sigmund

Skill      XL: |  1 |
---------------+----+-----
Transmutations | 2 |  2.2
Unarmed Combat | 3 |  3.3
Fighting       | |  1.0
Dodging        | |  1.7
Spellcasting   | |  2.0

Action                   || total
-------------------------++-------
Melee: Unarmed           ||    46
       Kick              ||    11
       Headbutt          ||     9
 Cast: Beastly Appendage ||    15
       Wereblood         ||     4
Armor: Robe              ||     6
Dodge: Dodged            ||    33

Table legend: (Time is in decaauts)
 A = Elapsed time spent in this place.
 B = Non-inter-level travel time spent in this place.
 C = Inter-level travel time spent in this place.
 D = Time resting spent in this place.
 E = Time spent auto-exploring this place.
 F = Levels seen in this place.
 G = Mean time per level.
                   A        B        C        D        E       F      G
               +--------+--------+--------+--------+--------+-----+--------+
         Total |   1254 |   1243 |     11 |      0 |   1107 |   2 |  627.0 |
       Dungeon |   1254 |   1243 |     11 |      0 |   1107 |   2 |  627.0 |
               +--------+--------+--------+--------+--------+-----+--------+

Top non-repeatable levels by time:
     D:1: 1176 daAuts
     D:2: 77 daAuts
